 Dungeon Crawl Stone Soup version 0.30-a0-757-ga6a79fd877 (webtiles) character file.

Game seed: 7283406670549378581

1578 Darius099 the Cleaver (level 8, -1/66 HPs)
             Began as a Minotaur Fighter on Feb 10, 2023.
             Was a Follower of Okawaru.
             Shot with an arrow by a centaur (11 damage)
             ... on level 6 of the Dungeon.
             The game lasted 00:12:29 (5437 turns).

Darius099 the Cleaver (Minotaur Fighter)            Turns: 5437, Time: 00:12:30

Health: -1/66      AC: 10    Str: 28    XL:     8   Next: 60%
Magic:  7/7        EV:  8    Int:  5    God:    Okawaru [*.....]
Gold:   339        SH:  4    Dex: 11    Spells: 7/7 levels left

rFire   . . .      SeeInvis .    a - +0 war axe
rCold   . . .      Faith    .    c - +0 buckler
rNeg    . . .      Spirit   .    k - +0 chain mail
rPois   +          Reflect  .    (helmet restricted)
rElec   .          Harm     .    x - +0 cloak
rCorr   .          Rampage  .    (no gloves)
Will    .....                    (no boots) Stlth
                                 (no amulet)
HPRegen 0.31/turn                j - ring of poison resistance
MPRegen 0.10/turn                l - +6 ring of strength

@: no status effects
A: horns 2, retaliatory headbutt
a: Renounce Religion, Heroism


You were on level 6 of the Dungeon.
You worshipped Okawaru.
Okawaru was aware of your devotion.
You visited 2 branches of the dungeon, and saw 7 of its levels.

You collected 339 gold pieces.

Inventory:

Hand Weapons
 a - a +0 war axe (weapon)
Missiles
 h - 74 stones (quivered)
 i - 19 poisoned darts
 n - 8 boomerangs
 y - 2 throwing nets
Armour
 c - a +0 buckler (worn)
 k - a +0 chain mail (worn)
 x - a +0 cloak (worn)
Jewellery
 j - a ring of poison resistance (left hand)
 l - a +6 ring of strength (right hand)
Scrolls
 e - 10 scrolls of identify {unknown}
 f - 2 scrolls of brand weapon {unknown}
 q - 2 scrolls of enchant weapon {unknown}
 r - a scroll of teleportation {unknown}
 s - 2 scrolls of noise {unknown}
 t - a scroll of blinking {unknown}
 u - a scroll of fog {unknown}
 v - 3 scrolls of poison {unknown}
 w - a scroll of enchant armour {unknown}
Potions
 b - a potion of lignification {unknown}
 d - 4 potions of might
 g - 2 potions of heal wounds {unknown}
 m - a potion of flight {unknown}
 o - 3 potions of curing
 p - a potion of attraction {unknown}


   Skills:
 - Level 4.0 Fighting
 + Level 12.7 Axes
 - Level 4.0 Armour
 - Level 4.0 Shields


You had 7 spell levels left.
You didn't know any spells.
Your spell library contained the following spells:

 Spells                   Type           Power      Damage    Failure   Level
 Kiss of Death            Conj/Necr      0%         2d5       98%         1
 Confusing Touch          Hex            0%         N/A       100%        3
 Ignite Poison            Fire/Tmut/Pois 0%         N/A       100%        3
 Kindle Blastsparks       Fire/Tloc/Air  0%         2d10      100%        3
 Dispel Undead            Necr           0%         3d6       100%        4
 Freezing Cloud           Conj/Ice/Air   0%         6-21      100%        5


Dungeon Overview and Level Annotations

Branches:
Dungeon (6/15)             Temple (1/1) D:5

Altars:
Ashenzari
Cheibriados
Dithmenos
Elyvilon
Fedhas
Gozag
Hepliaklqana
Makhleb
Nemelex Xobeh
Okawaru
Qazlal
Ru
Sif Muna
Trog
Vehumet
Wu Jian
Xom
Yredelemnul
Zin
The Shining One

Shops:
D:1 =!


Innate Abilities, Weirdness & Mutations

You have a pair of horns on your head.
You reflexively headbutt those who attack you in melee.


Message History

The bush is heavily damaged.
The centaur wields a +0 shortbow.
The centaur shoots an arrow.
The arrow hits you but does no damage.
You slash the bush!
You headbutt the bush, but do no damage.
The bush is heavily damaged.
The centaur shoots an arrow.
The arrow hits you but does no damage.
You hit the bush but do no damage.
You headbutt the bush, but do no damage.
The bush is heavily damaged.
The centaur shoots an arrow.
The arrow barely misses you.
The centaur shoots an arrow.
The arrow hits you but does no damage.
You hit the bush but do no damage.
The bush is heavily damaged.
The centaur unwields a +0 shortbow.
The centaur hits the bush but does no damage.
The centaur kicks the bush but does no damage.
You hit the bush but do no damage. You headbutt the bush.
The bush is heavily damaged.
The centaur wields a +0 shortbow.
The centaur shoots an arrow.
The arrow hits you.
You slash the bush!
The bush is severely damaged.
The centaur shoots an arrow.
The arrow barely misses you.
You completely miss the bush.
The bush is severely damaged.
The centaur shoots an arrow.
The arrow hits you!
You hit the bush but do no damage.
The bush is severely damaged.
The centaur shoots an arrow.
The arrow closely misses you.
The centaur shoots an arrow.
You block the arrow.
You hit the bush but do no damage.
The bush is severely damaged.
The centaur shoots an arrow.
You block the arrow.
You slash the bush!
The bush is severely damaged.
The centaur shoots an arrow.
The arrow hits you!
* * * LOW HITPOINT WARNING * * *
The centaur shoots an arrow.
The arrow hits you!
You die...

###### #....##
###.#...# ##...#...#
##..###@..# #..##
##P## #########.## #c#
........>.# ####$####
########).###..#.#..##
#........≈.≈...#
#........≈≈≈...#
#..............#
######
#..............#


You could see a centaur.

Vanquished Creatures
  Sigmund (D:2)
  A centaur (D:4)
  A phantom (D:4)
  Blork the orc (D:5)
  A bullfrog (D:6)
  A necrophage (D:4)
  4 scorpions
  A gnoll sergeant (D:6)
  A howler monkey (D:5)
  Crazy Yiuf (D:5)
  4 hounds
  An orc priest (D:6)
  A gnoll bouda (D:3)
  An iguana (D:5)
  3 orc wizards
  Terence (D:2)
  Robin (D:2)
  18 gnolls
  6 adders
  A shadow imp (D:6)
  A white imp (D:6)
  3 ufetubi (D:6)
  A dart slug (D:1)
  5 worms
  20 orcs
  7 ball pythons
  7 endoplasms
  2 giant cockroaches (D:3)
  10 goblins
  9 hobgoblins
  2 jackals (D:5)
  3 kobolds
  5 quokkas
  A bat (D:1)
  3 frilled lizards
  8 rats
137 creatures vanquished.

Vanquished Creatures (others)
  A demonic plant (D:6)
  4 toadstools (D:5)
5 creatures vanquished.

Grand Total: 142 creatures vanquished

Notes
Turn   | Place    | Note
-------+----------+-------------------------------------------
     0 | D:1      | Darius099 the Minotaur Fighter began the quest for the Orb.
     0 | D:1      | Reached XP level 1. HP: 19/19 MP: 0/0
   113 | D:1      | Found Favod's Distillery.
   115 | D:1      | Found Heyh's Jewellery Shoppe.
   363 | D:1      | Found a faded altar of an unknown god.
   366 | D:1      | Reached XP level 2. HP: 27/27 MP: 1/1
   686 | D:2      | Reached skill level 3 in Axes
   686 | D:2      | Reached XP level 3. HP: 33/33 MP: 2/2
   924 | D:2      | Noticed Robin
   931 | D:2      | Reached skill level 4 in Axes
   938 | D:2      | Killed Robin
   939 | D:2      | Reached XP level 4. HP: 21/40 MP: 3/3
  1034 | D:2      | Noticed Sigmund
  1046 | D:2      | Killed Sigmund
  1047 | D:2      | Reached skill level 6 in Axes
  1047 | D:2      | Reached XP level 5. HP: 20/46 MP: 4/4
  1874 | D:3      | Noticed Terence
  1906 | D:2      | Killed Terence
  1907 | D:2      | Reached skill level 7 in Axes
  1907 | D:2      | Reached XP level 6. HP: 14/52 MP: 5/5
  2701 | D:3      | Reached skill level 8 in Axes
  3147 | D:4      | Reached XP level 7. HP: 30/59 MP: 6/6
  3273 | D:4      | Reached skill level 9 in Axes
  3812 | D:4      | Reached skill level 10 in Axes
  3827 | D:5      | Entered Level 5 of the Dungeon
  3839 | D:5      | Found a staircase to the Ecumenical Temple.
  3847 | Temple   | Entered the Ecumenical Temple
  4039 | Temple   | Became a worshipper of Warmaster Okawaru
  4190 | D:5      | Noticed Blork the orc
  4201 | D:5      | Killed Blork the orc
  4202 | D:5      | Reached XP level 8. HP: 51/66 MP: 7/7
  4346 | D:5      | Found a runed translucent door.
  4347 | D:5      | Noticed Crazy Yiuf
  4426 | D:5      | Reached skill level 11 in Axes
  4909 | D:5      | Killed Crazy Yiuf
  5062 | D:6      | Found a basalt altar of Yredelemnul.
  5142 | D:6      | Reached skill level 12 in Axes
  5147 | D:6      | Reached * piety under Okawaru
  5437 | D:6      | Shot with an arrow by a centaur

Illustrated notes

Levels and vault maps discovered:
D:1:      dpeg_arrival_stone_temple_mockup, layout_basic, serial_shops, shop,
          shop, hellmonk_ecumenical_altar_prayer_group, serial_forest,
          infiniplex_forest_fountain, infiniplex_forest_straight_3,
          infiniplex_forest_lined_2, infiniplex_forest_lined_3_way,
          infiniplex_forest_lined_4_way, infiniplex_forest_lined_room_2
D:2:      layout_rooms, serial_co_window_serial, co_window_of_opportunity_a,
          co_window_paths_b, co_window_corner_a, co_window_paths_b,
          co_window_of_opportunity_a, co_window_broadway_b, co_window_corner_b,
          co_window_2corner, co_window_unsneaky_path_d, co_window_paths_e,
          co_window_4corner_b, grunt_ministairs_6, uniq_sigmund, uniq_robin
D:3:      layout_basic, minmay_misc_feat_five, minmay_misc_feat_columns,
          uniq_terence
D:4:      layout_basic, minmay_misc_feat_roman, serial_park_tiny_1
D:5:      layout_gridville, minmay_temple_entry_glassed_door,
          minmay_gold_behind_fungi, uniq_blork_the_orc, uniq_crazy_yiuf_cottage
D:6:      layout_basic, mainiacjoe_overflow_catwalk, serial_demonic,
          serial_demonic_f, serial_demonic_a, serial_demonic_f,
          serial_demonic_f, kb_lookout_dungeons_type
Temple:   nicolae_temple_bog_church

Skill      XL: |  1  2  3  4  5  6  7  8 |
---------------+-------------------------+-----
Fighting       | 4 |  4.0
Axes           | 3 4 6 7 8 10 12 | 12.7
Armour         | 4 |  4.0
Shields        | 4 |  4.0

Action                     |  1- 3 |  4- 6 |  7- 9 || total
---------------------------+-------+-------+-------++-------
  Melee: War axe           |    58 |   112 |   141 ||   311
         Headbutt          |     8 |    14 |    33 ||    55
 Armour: Scale mail        |    16 |       |       ||    16
         Chain mail        |    12 |    54 |    85 ||   151
  Dodge: Dodged            |    19 |    42 |    71 ||   132
  Block: Buckler           |     9 |    18 |    38 ||    65

Table legend: (Time is in decaauts)
 A = Elapsed time spent in this place.
 B = Non-inter-level travel time spent in this place.
 C = Inter-level travel time spent in this place.
 D = Time resting spent in this place.
 E = Time spent auto-exploring this place.
 F = Levels seen in this place.
 G = Mean time per level.
                   A        B        C        D        E       F      G
               +--------+--------+--------+--------+--------+-----+--------+
         Total |   5486 |   5293 |    193 |    680 |   3409 |   7 |  783.7 |
       Dungeon |   5274 |   5102 |    172 |    680 |   3235 |   6 |  879.0 |
        Temple |    212 |    191 |     21 |      0 |    174 |   1 |  212.0 |
               +--------+--------+--------+--------+--------+-----+--------+

Top non-repeatable levels by time:
     D:2: 1434 daAuts
     D:3: 1060 daAuts
     D:5: 951 daAuts
     D:4: 734 daAuts
     D:1: 641 daAuts
     D:6: 452 daAuts
  Temple: 212 daAuts
